[Event "Titled Tuesday Blitz January 10 Late 2023"]
[White "Klose, Eli"]
[Black "Gardezi, Arsal"]
[WhiteFideId "16242955"]
[BlackFideId "30949521"]
[WhiteElo "1519"]
[BlackElo "2093"]
[Result "1-0"]
[Round "04"]
[TimeControl "180+2"]
[Date "2023.01.10"]
[WhiteClock "0:02:35"]
[BlackClock "0:01:15"]

1. e4 e5 2. Nf3 Nc6 3. d4 exd4 4. Bc4 Bc5 5. Ng5 Ne5 6. Nxf7 Nxf7 7. Bxf7+ Kxf7 8. Qh5+ g6 9. Qxc5 Qf6 10. Qxc7 Ne7 11. O-O d6 12. Nd2 Kg7 13. Nf3 Bg4 14. Bg5 Qf7 15. Qxe7 Bxf3 16. Qxf7+ Kxf7 17. gxf3 h6 18. Bf4 g5 19. Bg3 Kg6 20. Bxd6 Rhf8 21. Kg2 Rf6 22. Be5 Re6 23. Bxd4 Rd8 24. Rad1 Red6 25. c3 Ra6 26. a3 Re6 27. Rd2 g4 28. fxg4 Rxe4 29. h3 h5 30. f3 Re6 31. Rfd1 hxg4 32. hxg4 Rh8 33. Bxh8 Re8 34. Rd6+ Re6 35. Rxe6+ Kg5 36. Rd5+ Kf4 37. Bg7 b5 38. Bh6# 1-0


[Site "https://www.chess.com"]

[Event "Titled Tuesday Blitz January 10 Late 2023"]
[White "Zampronha, Wladimir Camilo"]
[Black "Adewumi, Tanitoluwa"]
[WhiteFideId "2103087"]
[BlackFideId "30966396"]
[WhiteElo "2176"]
[BlackElo "2283"]
[Result "0-1"]
[Round "04"]
[TimeControl "180+2"]
[Date "2023.01.10"]
[WhiteClock "0:00:33"]
[BlackClock "0:00:04"]

1. e4 c5 2. Nf3 e6 3. d4 cxd4 4. Nxd4 Nc6 5. Nc3 Qc7 6. Be3 a6 7. Bd3 Nf6 8. O-O h5 9. h3 b5 10. Nxc6 Qxc6 11. a3 Bc5 12. Bxc5 Qxc5 13. Qe2 d6 14. Rad1 Bb7 15. Rfe1 O-O 16. e5 dxe5 17. Qxe5 Qxe5 18. Rxe5 Rfd8 19. Ree1 Kf8 20. Be2 Ke7 21. Rxd8 Rxd8 22. Rd1 Rc8 23. Rd2 g5 24. Bd3 h4 25. Ne2 Rg8 26. f3 Nd5 27. Kf2 Nb6 28. Nd4 Rd8 29. Nb3 Na4 30. c3 Bd5 31. Nd4 Bb7 32. Be4 Bxe4 33. fxe4 Kf6 34. e5+ Kg6 35. Nf3 Rc8 36. Rd6 Nxb2 37. Rxa6 Rxc3 38. Rb6 Rxa3 39. Rxb5 Nd3+ 40. Kg1 Nf4 41. Rb2 Nxh3+ 42. Kh2 Nf4 43. Kg1 Nd3 44. Rb8 g4 45. Nxh4+ Kg5 46. g3 Nxe5 47. Rg8+ Kf6 48. Rb8 Ra1+ 49. Kg2 Ra2+ 50. Kg1 Nf3+ 51. Nxf3 gxf3 52. Rb3 Rg2+ 53. Kf1 Rxg3 54. Kf2 Rg5 55. Kxf3 Rf5+ 56. Kg4 Rf1 57. Ra3 Kg6 58. Rb3 f5+ 59. Kg3 e5 60. Kg2 Rf4 61. Rb8 e4 62. Rg8+ Kf6 63. Rf8+ Ke7 64. Rb8 Rf3 65. Rb6 Rd3 66. Rb4 Kf6 67. Ra4 Kg5 68. Rb4 Kf4 69. Kf2 Rd6 70. Ke1 Kf3 71. Rd4 Rxd4 72. Kf1 Rd1# 0-1


[Site "https://www.chess.com"]

[Event "Titled Tuesday Blitz January 10 Late 2023"]
[White "Yang, Kevin"]
[Black "Jodorcovsky Werjivker, Paulo"]
[WhiteFideId "30908485"]
[BlackFideId "3700305"]
[WhiteElo "2096"]
[BlackElo "2182"]
[Result "1-0"]
[Round "04"]
[TimeControl "180+2"]
[Date "2023.01.10"]
[WhiteClock "0:00:03"]
[BlackClock "0:00:33"]

1. b3 e5 2. Bb2 Nc6 3. c4 f5 4. e3 Nf6 5. a3 d6 6. Nf3 g6 7. d4 Bg7 8. dxe5 Ng4 9. h3 Ngxe5 10. Nxe5 dxe5 11. Qxd8+ Nxd8 12. Nc3 c6 13. O-O-O O-O 14. Na4 Ne6 15. c5 Ng5 16. Bc4+ Kh8 17. f4 exf4 18. Bxg7+ Kxg7 19. exf4 Ne4 20. Rhe1 b5 21. cxb6 axb6 22. Nxb6 Rxa3 23. Kb2 Ra5 24. Ra1 Rxa1 25. Rxa1 Nc5 26. Ra7+ Kh6 27. Ra8 Rd8 28. Rxc8 Rd2+ 29. Ka3 Rxg2 30. Rxc6 Ne4 31. Bd5 Rd2 32. Bxe4 fxe4 33. Re6 Rd3 34. Rxe4 Rxh3 35. Ka4 g5 36. f5 Kg7 37. Nd5 Rd3 38. Re7+ Kf8 39. Re5 Kf7 40. f6 g4 41. Re7+ Kg6 42. Rg7+ Kh6 43. Ne7 Rf3 44. Ng8+ Kh5 45. Rxh7+ Kg6 46. Rg7+ Kh5 47. f7 g3 48. b4 Kh4 49. Ne7 g2 50. Rxg2 Rxf7 51. Nd5 Rd7 52. Nb6 Rd4 53. Ka5 Rd1 54. Kb5 Rf1 55. Ka6 Ra1+ 56. Kb7 Rb1 57. Nd5 Rd1 58. Kc6 Rc1+ 59. Kd6 Rb1 60. Rc2 Kg4 61. Kc5 Kf5 62. b5 Ke6 63. Kc6 Rd1 64. b6 Rxd5 65. Re2+ Re5 66. Rxe5+ Kxe5 67. b7 1-0


[Site "https://www.chess.com"]

[Event "Titled Tuesday Blitz January 10 Late 2023"]
[White "Krallis, Christos"]
[Black "ritanovikova"]
[WhiteFideId "4298896"]
[WhiteElo "2344"]
[BlackElo "2115"]
[Result "1-0"]
[Round "04"]
[TimeControl "180+2"]
[Date "2023.01.10"]
[WhiteClock "0:02:14"]
[BlackClock "0:02:08"]

1. e4 e5 2. Nf3 Nc6 3. Bb5 a6 4. Ba4 Nf6 5. O-O Be7 6. Re1 b5 7. Bb3 d6 8. a4 Bb7 9. axb5 axb5 10. Rxa8 Qxa8 11. Nc3 b4 12. Nd5 Nxd5 13. exd5 Na5 14. Ba4+ Kf8 15. d4 exd4 16. Qe2 Bf6 17. Qe8+ 1-0


[Site "https://www.chess.com"]

[Event "Titled Tuesday Blitz January 10 Late 2023"]
[White "Pakleza, Zbigniew"]
[Black "Shapiro, Bryan"]
[WhiteFideId "1119290"]
[BlackFideId "2087740"]
[WhiteElo "2494"]
[BlackElo "1972"]
[Result "1-0"]
[Round "04"]
[TimeControl "180+2"]
[Date "2023.01.10"]
[WhiteClock "0:00:18"]
[BlackClock "0:01:24"]

1. d4 Nf6 2. Nf3 e6 3. Bf4 c5 4. c3 b6 5. Nbd2 Bb7 6. Nc4 d5 7. Nce5 Nc6 8. e3 Nh5 9. Bb5 Rc8 10. Qa4 Qc7 11. Nxc6 Nxf4 12. Nce5+ Kd8 13. exf4 a6 14. Be2 f6 15. Nd3 c4 16. Nb4 Qxf4 17. O-O a5 18. Qb5 axb4 19. Qxb6+ Qc7 20. Qxe6 Qe7 21. Qxe7+ Bxe7 22. Rfe1 Bd6 23. Nd2 Re8 24. Bf3 Bc6 25. Nf1 bxc3 26. bxc3 Bf4 27. g3 Bg5 28. h4 Bh6 29. Rxe8+ Kxe8 30. a4 Kd7 31. Bg4+ Kc7 32. Bxc8 Kxc8 33. Ne3 Kb7 34. Kf1 g5 35. Nf5 Bf8 36. hxg5 fxg5 37. Ke2 Bd7 38. Ne3 Be6 39. Rb1+ Ka6 40. Rb5 h5 41. Nxd5 Bg4+ 42. f3 Bd7 43. Rb6+ Ka5 44. Rb7 Bc6 45. Ra7# 1-0


[Site "https://www.chess.com"]

[Event "Titled Tuesday Blitz January 10 Late 2023"]
[White "Becerra, Juan David"]
[Black "Mahdavi, Reza"]
[WhiteFideId "4404998"]
[BlackFideId "12595926"]
[WhiteElo "2382"]
[BlackElo "2339"]
[Result "0-1"]
[Round "04"]
[TimeControl "180+2"]
[Date "2023.01.10"]
[WhiteClock "0:01:18"]
[BlackClock "0:01:31"]

1. d4 g6 2. c4 Bg7 3. Nc3 d6 4. Nf3 Nc6 5. e4 Nf6 6. Be2 O-O 7. O-O e5 8. d5 Ne7 9. Bg5 Ne8 10. Nd2 h6 11. Be3 f5 12. f3 f4 13. Bf2 g5 14. Kh1 h5 15. c5 Rf7 16. Rc1 Bf8 17. b4 Rg7 18. Nb5 a6 19. cxd6 cxd6 20. Nc3 Nf6 21. Na4 Rb8 22. Nb6 Ng6 23. Qc2 Bd7 24. Qc7 Be8 25. Qxd8 Rxd8 26. a4 g4 27. b5 axb5 28. Bxb5 Bxb5 29. axb5 h4 30. h3 gxh3 31. gxh3 Nh8 32. Bxh4 Be7 33. Nc8 Nxd5 34. Nxe7+ Nxe7 35. Rc7 Nhg6 36. Rg1 Nxh4 37. Rxg7+ Kxg7 38. Rxe7+ Kf6 39. Rxb7 Rc8 40. Rh7 Kg5 41. b6 Rc1+ 42. Kh2 Rc2 43. b7 Rxd2+ 44. Kh1 Rb2 0-1


[Site "https://www.chess.com"]

[Event "Titled Tuesday Blitz January 10 Late 2023"]
[White "Nikologorsky, Matfei"]
[Black "Gubajdullin, Alexei"]
[WhiteFideId "24102474"]
[BlackFideId "4141202"]
[WhiteElo "2182"]
[BlackElo "2285"]
[Result "0-1"]
[Round "04"]
[TimeControl "180+2"]
[Date "2023.01.10"]
[WhiteClock "0:00:04"]
[BlackClock "0:00:18"]

1. e4 g6 2. h4 h6 3. h5 g5 4. d4 d6 5. b3 Nf6 6. f3 c6 7. Bb2 Rg8 8. Bd3 a5 9. a3 Na6 10. Nd2 Nc7 11. Ne2 Ne6 12. g4 Bg7 13. Nf1 c5 14. Nfg3 Nxd4 15. Nxd4 cxd4 16. Bxd4 Nxh5 17. Bxg7 Nxg3 18. Rxh6 Qb6 19. Rh8 Rxh8 20. Bxh8 Qg1+ 21. Kd2 Qh2+ 22. Ke3 Qxh8 23. Qg1 Qe5 24. Kf2 Bxg4 25. fxg4 Qf4+ 26. Kg2 Qxg4 27. Bb5+ Kf8 28. Qd1 Qxd1 29. Rxd1 Nxe4 30. Kf3 Nc3 31. Rh1 Kg7 32. Bd3 d5 33. Rh7+ Kf6 34. Kg4 Rg8 35. Rh6+ Ke5 36. Rb6 e6 37. Rxb7 f5+ 38. Kg3 Ne4+ 39. Kg2 f4 40. Rf7 g4 41. b4 f3+ 42. Kf1 Rh8 43. Bxe4 dxe4 44. Kf2 Rh2+ 45. Kg3 Rg2+ 46. Kh4 e3 47. b5 e2 48. b6 e1=Q+ 49. Kg5 Qe3+ 50. Kg6 Qe4+ 51. Kg7 Rh2 52. Kg8 Qg6+ 53. Kf8 Rh7 0-1


[Site "https://www.chess.com"]

[Event "Titled Tuesday Blitz January 10 Late 2023"]
[White "Mikhailov, Viacheslav"]
[Black "Nathan, Nitish"]
[WhiteFideId "4187369"]
[BlackFideId "30927870"]
[WhiteElo "2428"]
[BlackElo "2071"]
[Result "1-0"]
[Round "04"]
[TimeControl "180+2"]
[Date "2023.01.10"]
[WhiteClock "0:03:03"]
[BlackClock "0:02:55"]

1. Nf3 d5 2. g3 Bf5 3. Bg2 e6 4. O-O Nf6 5. d4 h6 6. c4 c6 7. Nc3 Nbd7 8. Qb3 Qb6 9. c5 Qa6 10. Re1 b6 11. Bf1 bxc5 12. e4 c4 13. exf5 cxb3 14. Bxa6 1-0


[Site "https://www.chess.com"]

[Event "Titled Tuesday Blitz January 10 Late 2023"]
[White "Taboas Rodriguez, Daniel"]
[Black "Sivakumar, Shaashwath"]
[WhiteFideId "2208466"]
[BlackFideId "30912156"]
[WhiteElo "2371"]
[BlackElo "2198"]
[Result "0-1"]
[Round "04"]
[TimeControl "180+2"]
[Date "2023.01.10"]
[WhiteClock "0:01:09"]
[BlackClock "0:00:05"]

1. d4 d5 2. Nf3 Nf6 3. c4 c6 4. cxd5 cxd5 5. Nc3 Nc6 6. Bf4 Bf5 7. e3 e6 8. Qb3 Bb4 9. Bb5 O-O 10. O-O Bxc3 11. Qxc3 Rc8 12. Rfc1 Qb6 13. Qc5 Qxc5 14. dxc5 Ne4 15. Nd4 Bg6 16. Nxc6 bxc6 17. Ba6 Rce8 18. f3 e5 19. fxe4 exf4 20. exd5 fxe3 21. dxc6 Re6 22. Bb7 Be4 23. b4 f5 24. b5 f4 25. Rc3 Rg6 26. g3 fxg3 27. Rxe3 gxh2+ 28. Kxh2 Rf2+ 29. Kh3 Bf5+ 30. Kh4 Rh2+ 0-1


[Site "https://www.chess.com"]

[Event "Titled Tuesday Blitz January 10 Late 2023"]
[White "Perez Rodriguez, Jennifer"]
[Black "Carnicelli, Valerio"]
[WhiteFideId "3507831"]
[BlackFideId "856185"]
[WhiteElo "2242"]
[BlackElo "2370"]
[Result "0-1"]
[Round "04"]
[TimeControl "180+2"]
[Date "2023.01.10"]
[WhiteClock "0:01:01"]
[BlackClock "0:01:40"]

1. e4 g6 2. d4 Bg7 3. Nc3 d6 4. Be3 e6 5. Qd2 h6 6. Bd3 Ne7 7. O-O-O a6 8. h4 b5 9. Kb1 Nd7 10. h5 g5 11. f4 gxf4 12. Bxf4 Bxd4 13. Nf3 Bg7 14. Ne2 Nc5 15. e5 Nd5 16. exd6 cxd6 17. Bg3 Qf6 18. c3 Qd8 19. Ned4 Bb7 20. Bc2 Qb6 21. Rhe1 O-O-O 22. Qe2 Kb8 23. c4 bxc4 24. Qxc4 Ka8 25. Bf2 Rb8 26. Nb3 Rhc8 27. Nfd4 Ne4 28. Qe2 Nxf2 29. Qxf2 e5 30. Nf5 Qxf2 0-1


[Site "https://www.chess.com"]

[Event "Titled Tuesday Blitz January 10 Late 2023"]
[White "Solon, Nathan"]
[Black "Golding, Alex"]
[WhiteFideId "2017229"]
[BlackFideId "427241"]
[WhiteElo "2306"]
[BlackElo "2318"]
[Result "1-0"]
[Round "04"]
[TimeControl "180+2"]
[Date "2023.01.10"]
[WhiteClock "0:02:00"]
[BlackClock "0:01:49"]

1. Nf3 Nf6 2. g3 d6 3. Bg2 e5 4. c4 Nc6 5. Nc3 Be7 6. O-O Be6 7. d4 Bxc4 8. dxe5 dxe5 9. Qa4 b5 10. Nxb5 Bd5 11. Nc3 O-O 12. Nxd5 Qxd5 13. Ng5 e4 14. Nxe4 1-0


[Site "https://www.chess.com"]

[Event "Titled Tuesday Blitz January 10 Late 2023"]
[White "Rostomyan, Mikayel"]
[Black "Kaganskiy, Gleb"]
[WhiteFideId "13313754"]
[BlackFideId "4132025"]
[WhiteElo "2222"]
[BlackElo "2205"]
[Result "1-0"]
[Round "04"]
[TimeControl "180+2"]
[Date "2023.01.10"]
[WhiteClock "0:00:59"]
[BlackClock "0:00:54"]

1. e4 e6 2. d4 d5 3. Bd3 c5 4. exd5 Qxd5 5. Nf3 cxd4 6. O-O Nc6 7. c3 Bd7 8. cxd4 Nxd4 9. Nxd4 Qxd4 10. Nc3 a6 11. Be3 Qh4 12. Be4 Bc6 13. g3 Qh3 14. Bxc6+ bxc6 15. Qa4 Ne7 16. Ne4 Rd8 17. Rfd1 Rd5 18. Nd6+ Kd7 19. Nxf7 Rg8 20. Qxa6 Qh5 21. Qb7+ Ke8 22. Nd6+ Rxd6 23. Rxd6 Nd5 24. Qd7# 1-0


[Site "https://www.chess.com"]

[Event "Titled Tuesday Blitz January 10 Late 2023"]
[White "Golizadeh, Asghar"]
[Black "Thomforde-Toates, Noah"]
[WhiteFideId "12505269"]
[BlackFideId "30951992"]
[WhiteElo "2455"]
[BlackElo "2124"]
[Result "1-0"]
[Round "04"]
[TimeControl "180+2"]
[Date "2023.01.10"]
[WhiteClock "0:02:05"]
[BlackClock "0:01:14"]

1. e4 d6 2. d4 Nf6 3. Nc3 g6 4. f4 Bg7 5. Nf3 O-O 6. e5 Nfd7 7. h4 c5 8. h5 cxd4 9. hxg6 hxg6 10. Qxd4 Qb6 11. Nd5 Qd8 12. f5 e6 13. f6 exd5 14. fxg7 Re8 15. Bg5 Qa5+ 16. b4 Nxe5 17. Rh8+ Kxg7 18. Rxe8 1-0


[Site "https://www.chess.com"]

[Event "Titled Tuesday Blitz January 10 Late 2023"]
[White "Kaminski, Victor"]
[Black "Rastbod, Ali"]
[WhiteFideId "1131630"]
[BlackFideId "12567477"]
[WhiteElo "2247"]
[BlackElo "2318"]
[Result "0-1"]
[Round "04"]
[TimeControl "180+2"]
[Date "2023.01.10"]
[WhiteClock "0:00:43"]
[BlackClock "0:00:20"]

1. d4 f5 2. Bg5 d5 3. Nc3 c6 4. e3 Be6 5. Nh3 h6 6. Bf4 g5 7. Be5 Nf6 8. Be2 Bf7 9. Bxf6 exf6 10. Bh5 Qd7 11. Bxf7+ Kxf7 12. O-O h5 13. f3 Bb4 14. Ne2 Re8 15. Qd3 Qe6 16. c3 Bd6 17. Kh1 Kg7 18. Ng3 Bxg3 19. hxg3 Nd7 20. Rae1 Nf8 21. Nf2 Qd6 22. Qxf5 Qxg3 23. e4 Ng6 24. exd5 Nf4 0-1


[Site "https://www.chess.com"]

[Event "Titled Tuesday Blitz January 10 Late 2023"]
[White "Tica, Sven"]
[Black "Rian, Kapriaga"]
[WhiteFideId "14526948"]
[BlackFideId "7103263"]
[WhiteElo "2431"]
[BlackElo "2089"]
[Result "0-1"]
[Round "04"]
[TimeControl "180+2"]
[Date "2023.01.10"]
[WhiteClock "0:01:21"]
[BlackClock "0:00:17"]

1. e4 c6 2. Nf3 d5 3. d3 dxe4 4. dxe4 Qxd1+ 5. Kxd1 Bg4 6. Nd2 e6 7. Be2 Bc5 8. Ne1 Nf6 9. Nd3 Bb6 10. f3 Bh5 11. Nc4 Bc7 12. a4 Nbd7 13. Be3 a6 14. a5 O-O-O 15. c3 Ne5 16. Nxe5 Bxe5 17. Kc2 Bc7 18. h4 Bg6 19. Bg5 h6 20. Be3 Nd7 21. h5 Bh7 22. b4 f5 23. exf5 exf5 24. Bd4 Rhe8 25. Rhe1 f4 26. Bf1 Ne5 27. Rad1 Nc4 28. Kb3 Ne3 29. Bxe3 Rxe3 30. Nb2 Rxd1 31. Rxd1 Be5 32. Bd3 Bg8+ 33. Kc2 Bf7 34. Bf5+ Kb8 35. Rd3 Re2+ 36. Rd2 Bb3+ 37. Kd3 Re3# 0-1


[Site "https://www.chess.com"]

[Event "Titled Tuesday Blitz January 10 Late 2023"]
[White "Souleidis, Georgios"]
[Black "Fernandez Siles, Luis"]
[WhiteFideId "4206827"]
[BlackFideId "2209420"]
[WhiteElo "2419"]
[BlackElo "2218"]
[Result "1-0"]
[Round "04"]
[TimeControl "180+2"]
[Date "2023.01.10"]
[WhiteClock "0:01:50"]
[BlackClock "0:00:58"]

1. e4 c5 2. Nf3 d6 3. Bc4 Nc6 4. O-O Nf6 5. Re1 g6 6. Bf1 Bg7 7. c3 O-O 8. h3 e5 9. d4 h6 10. dxc5 dxc5 11. Qxd8 Rxd8 12. Na3 b6 13. Nc4 Bb7 14. a4 Ne8 15. Be3 Nd6 16. Nxd6 Rxd6 17. Nd2 Rad8 18. Nc4 R6d7 19. f3 f6 20. a5 b5 21. Na3 Nxa5 22. Nxb5 Nb3 23. Bc4+ 1-0


[Site "https://www.chess.com"]

[Event "Titled Tuesday Blitz January 10 Late 2023"]
[White "O`Gorman, Tom"]
[Black "Roman, Rodrigo"]
[WhiteFideId "2508249"]
[BlackFideId "3701220"]
[WhiteElo "2355"]
[BlackElo "2058"]
[Result "0-1"]
[Round "04"]
[TimeControl "180+2"]
[Date "2023.01.10"]
[WhiteClock "0:01:19"]
[BlackClock "0:00:07"]

1. e4 c5 2. Nf3 Nc6 3. d4 cxd4 4. Nxd4 e5 5. Nb5 d6 6. N1c3 a6 7. Na3 b5 8. Nd5 Nge7 9. Bg5 h6 10. Bh4 Qa5+ 11. c3 Nxd5 12. exd5 Ne7 13. Be2 g5 14. Bg3 Bb7 15. O-O Bxd5 16. c4 bxc4 17. Nxc4 Qd8 18. Rc1 Bxc4 19. Bxc4 Bg7 20. Qf3 O-O 21. Rfd1 a5 22. h4 Rc8 23. hxg5 hxg5 24. Qh5 Nf5 25. Bd5 Rxc1 26. Rxc1 Nd4 27. Kh2 Qf6 28. Rc7 Qh6 29. Qxh6 Bxh6 30. Rd7 Nf5 31. Kh3 Nxg3 32. Kxg3 Bg7 33. Rxd6 e4 34. b3 Be5+ 35. Kg4 Bxd6 36. Bxe4 Kg7 37. Kxg5 f6+ 38. Kf5 Re8 39. f4 Bc5 40. g4 Rd8 41. g5 fxg5 42. fxg5 Be3 43. g6 Rd1 44. Ke6 Ra1 45. a4 Bd2 46. Kd5 Bb4 47. Kc4 Re1 48. Bc2 Re6 49. Kb5 Re5+ 50. Kc4 Kf6 51. Kd4 Rc5 52. Bd3 Rc8 53. Be4 Rd8+ 54. Kc4 Ke5 55. Bc2 Rc8+ 56. Kd3 Rc3+ 57. Kd2 Rxb3+ 58. Kd1 Rg3 59. Kc1 Kd4 60. Kb2 Kc4 61. Kb1 Kc3 62. Be4 Rg1+ 63. Ka2 Kc4 64. Kb2 Bc3+ 65. Kc2 Rg5 66. Bd3+ Kb4 67. Bb5 Bg7 68. Kd3 Rxg6 69. Ke4 Rb6 70. Kf5 Bc3 71. Ke4 Rxb5 72. axb5 Kxb5 73. Kd3 Kb4 74. Kc2 a4 75. Kb1 Kb3 76. Kc1 a3 77. Kd1 a2 0-1


[Site "https://www.chess.com"]

[Event "Titled Tuesday Blitz January 10 Late 2023"]
[White "Skaric, Djuro"]
[Black "Osmak, Yuliia"]
[WhiteFideId "934569"]
[BlackFideId "14101602"]
[WhiteElo "2334"]
[BlackElo "2440"]
[Result "0-1"]
[Round "04"]
[TimeControl "180+2"]
[Date "2023.01.10"]
[WhiteClock "0:01:16"]
[BlackClock "0:00:56"]

1. g3 g6 2. Bg2 Bg7 3. d3 Nf6 4. e4 d6 5. Nc3 O-O 6. f4 c5 7. Nf3 Nc6 8. O-O a6 9. h3 Bd7 10. g4 b5 11. Ne2 Ne8 12. Ng3 Nd4 13. Nh4 e5 14. Nf3 exf4 15. Bxf4 Nxf3+ 16. Qxf3 Bxb2 17. e5 dxe5 18. Bh6 Bxa1 19. Ne4 Bd4+ 20. Kh1 Be6 21. Bxf8 Kxf8 22. Nxc5 Bxc5 23. Qxa8 Qxa8 24. Bxa8 Nc7 25. Bb7 Bd5+ 26. Bxd5 Nxd5 27. Re1 f6 28. c4 bxc4 29. dxc4 Nf4 30. Rb1 Kg7 31. Rb7+ Kh6 32. Rc7 Bd4 33. Rd7 Nd3 34. Kg2 Nc5 35. Rd6 Kg5 36. Rb6 f5 37. gxf5 gxf5 38. Rc6 e4 39. Rd6 Be3 40. Rd5 Kf4 41. h4 h5 42. a3 Kg4 43. Kf1 f4 44. Rd8 Kxh4 45. Rg8 Kh3 46. Ke2 h4 47. Rg6 Bd4 48. Rg5 f3+ 49. Kf1 e3 50. Rf5 e2+ 51. Ke1 Nd3+ 52. Kd2 e1=Q+ 0-1


[Site "https://www.chess.com"]

[Event "Titled Tuesday Blitz January 10 Late 2023"]
[White "Alexikov, Alexander"]
[Black "Aldokhin, Ivan"]
[WhiteFideId "14103958"]
[BlackFideId "24115720"]
[WhiteElo "2209"]
[BlackElo "2413"]
[Result "0-1"]
[Round "04"]
[TimeControl "180+2"]
[Date "2023.01.10"]
[WhiteClock "0:00:03"]
[BlackClock "0:00:19"]

1. e4 c5 2. Nf3 e6 3. Nc3 a6 4. d4 cxd4 5. Nxd4 Qc7 6. Bd3 Nf6 7. Qe2 Bd6 8. Bd2 Nc6 9. Nxc6 dxc6 10. O-O-O e5 11. h3 b5 12. Bg5 Be6 13. Kb1 O-O 14. Bd2 c5 15. Qe3 c4 16. Be2 Bc5 17. Qg3 Kh8 18. f4 b4 19. Nd5 Bxd5 20. exd5 c3 21. Bc1 cxb2 22. Bxb2 Ne4 23. Qf3 Nc3+ 24. Ka1 Bd4 25. Rxd4 exd4 26. Bd3 Rac8 27. f5 Qa5 28. Bxc3 bxc3 29. f6 g6 30. Qf4 Qa3 31. Rb1 Rfd8 32. Qh6 Qf8 33. Qg5 Rd6 34. Bc4 Rxc4 35. Qe5 Rc8 0-1


[Site "https://www.chess.com"]

[Event "Titled Tuesday Blitz January 10 Late 2023"]
[White "Sebag, Marie"]
[Black "Vasques, Antonio Pedro Freixial"]
[WhiteFideId "617822"]
[BlackFideId "1908332"]
[WhiteElo "2430"]
[BlackElo "2214"]
[Result "1-0"]
[Round "04"]
[TimeControl "180+2"]
[Date "2023.01.10"]
[WhiteClock "0:00:01"]
[BlackClock "0:00:08"]

1. c4 Nf6 2. Nc3 e5 3. g3 d5 4. cxd5 Nxd5 5. Bg2 Nb6 6. d3 Be7 7. Nf3 Nc6 8. O-O g5 9. a3 g4 10. Nd2 h5 11. b4 h4 12. Bb2 Be6 13. Nce4 f5 14. Nc5 Bxc5 15. bxc5 Nd5 16. Nc4 hxg3 17. hxg3 Qg5 18. Nxe5 Qh5 19. Nxg4 fxg4 20. Bxh8 Qxh8 21. e4 Nde7 22. e5 O-O-O 23. Rb1 Qh7 24. Re1 Qxd3 25. Qa4 Rd4 26. Qd1 Qxd1 27. Rexd1 Rxd1+ 28. Rxd1 Nxe5 29. Re1 N7g6 30. Be4 Kd7 31. Bxb7 c6 32. Rd1+ Bd5 33. Ba6 Nf3+ 34. Kf1 Nge5 35. Rb1 Bc4+ 36. Bxc4 Nxc4 37. Rb7+ Ke6 38. Rxa7 Kd5 39. Rg7 Nfe5 40. Ke2 Nxa3 41. Ke3 Nac4+ 42. Kf4 Kxc5 43. Rg8 Kd4 44. Rd8+ Kc3 45. Rc8 Kd2 46. Ra8 Ke2 47. Ra2+ Kf1 48. Kf5 Nd3 49. Kxg4 Nxf2+ 50. Kf3 Nd3 51. Ra1+ Ne1+ 52. Ke4 Nb2 53. g4 c5 54. g5 Ke2 55. g6 Nc2 56. Rc1 Kd2 57. Rxc2+ Kxc2 58. g7 c4 59. g8=Q c3 60. Qg2+ Kb3 61. Qg3 Nd1 62. Kd4 Kb2 63. Qg2+ c2 64. Kd3 Nf2+ 65. Qxf2 Ka1 66. Kxc2 Ka2 67. Qa7# 1-0


[Site "https://www.chess.com"]

[Event "Titled Tuesday Blitz January 10 Late 2023"]
[White "Karttunen, Mika"]
[Black "Kovacs, Klara"]
[WhiteFideId "502081"]
[BlackFideId "733210"]
[WhiteElo "2490"]
[BlackElo "2121"]
[Result "1-0"]
[Round "04"]
[TimeControl "180+2"]
[Date "2023.01.10"]
[WhiteClock "0:00:16"]
[BlackClock "0:00:09"]

1. c4 e6 2. d4 d5 3. Nc3 Nf6 4. Bg5 Be7 5. cxd5 exd5 6. Qc2 h6 7. Bh4 O-O 8. e3 Nc6 9. a3 Bg4 10. Bd3 Re8 11. f3 Bh5 12. Nge2 Nd7 13. Bf2 Nb6 14. g4 Bg6 15. Bxg6 fxg6 16. Qxg6 Bg5 17. f4 Bf6 18. b3 Bh4 19. g5 Rxe3 20. Bxh4 Nxd4 21. Kf2 Qe7 22. Rhe1 Nf3 23. Bg3 d4 24. Nb5 d3 25. gxh6 Rxe2+ 26. Kxf3 Qe3+ 27. Kg4 1-0


[Site "https://www.chess.com"]

[Event "Titled Tuesday Blitz January 10 Late 2023"]
[White "Lopez Idarraga, Daniel Eduardo"]
[Black "Petukhov, Dmitry"]
[WhiteFideId "4405501"]
[BlackFideId "4142748"]
[WhiteElo "2009"]
[BlackElo "2350"]
[Result "1-0"]
[Round "04"]
[TimeControl "180+2"]
[Date "2023.01.10"]
[WhiteClock "0:00:04"]
[BlackClock "0:00:10"]

1. b3 a5 2. Bb2 a4 3. d4 d5 4. e3 Bf5 5. Bd3 Bg6 6. Nf3 e6 7. O-O Nf6 8. c4 c6 9. Ne5 Nbd7 10. f4 Nxe5 11. fxe5 Ne4 12. bxa4 Bb4 13. a3 Ba5 14. Qc2 O-O 15. Nc3 Bxc3 16. Bxc3 Nxc3 17. Qxc3 Rxa4 18. Bxg6 hxg6 19. Qb3 Rxc4 20. Qxb7 Qa5 21. Rf3 Qd2 22. h3 Rc2 23. Rg3 Qf2+ 24. Kh2 Rc3 25. Rf3 Qe2 26. Raf1 Rc2 27. R3f2 Qxf2 28. Rxf2 Rxf2 29. a4 Ra2 30. Qa7 f6 31. Qe7 fxe5 32. dxe5 Rff2 33. Qxe6+ Kh7 34. Qg4 Rfe2 35. e6 Rxe3 36. e7 Rae2 37. a5 Rxe7 38. Qh4+ Kg8 39. Qg3 Ra2 40. Qxg6 Rxa5 41. Qxc6 Rea7 42. h4 Kf7 43. h5 d4 44. Qg6+ Ke7 45. Qxg7+ Kd6 46. Qxd4+ Kc6 47. Qg4 Rd7 48. Qg6+ Rd6 49. Qc2+ Rc5 50. Qe4+ Rdd5 51. g4 Kd6 52. Kh3 Rc3+ 53. Kh4 Rcd3 54. Qg6+ Kc5 55. h6 Rd6 56. Qg7 Rd1 57. Kg5 R1d5+ 58. Kf4 Rd1 59. h7 Rf1+ 60. Kg3 Rh1 61. h8=Q Rg1+ 62. Kf2 Rgd1 63. Qc3+ Kd5 64. Qg8+ Ke4 65. Qe3# 1-0


[Site "https://www.chess.com"]

[Event "Titled Tuesday Blitz January 10 Late 2023"]
[White "Suvorov, Alexander"]
[Black "Ankerst, Mihael"]
[WhiteFideId "12977063"]
[BlackFideId "14602369"]
[WhiteElo "2338"]
[BlackElo "2370"]
[Result "1-0"]
[Round "04"]
[TimeControl "180+2"]
[Date "2023.01.10"]
[WhiteClock "0:00:37"]
[BlackClock "0:01:32"]

1. Nf3 Nf6 2. c4 g6 3. Nc3 Bg7 4. g3 d6 5. Bg2 O-O 6. O-O e5 7. d3 Nc6 8. Rb1 a5 9. a3 Nd4 10. b4 axb4 11. axb4 c6 12. b5 Bg4 13. bxc6 bxc6 14. Nd2 Qd7 15. f3 Bh3 16. e3 Bxg2 17. Kxg2 Nf5 18. Nde4 d5 19. Nxf6+ Bxf6 20. e4 dxe4 21. fxe4 Qd4 22. Qd2 Ne3+ 23. Qxe3 Qxc3 24. Bd2 Ra2 25. Rf2 Rd8 26. Bxc3 1-0


[Site "https://www.chess.com"]

[Event "Titled Tuesday Blitz January 10 Late 2023"]
[White "Gurevich, Dmitry"]
[Black "Lacasa Diaz, Jose Antonio"]
[WhiteFideId "2000407"]
[BlackFideId "2203375"]
[WhiteElo "2393"]
[BlackElo "2359"]
[Result "0-1"]
[Round "04"]
[TimeControl "180+2"]
[Date "2023.01.10"]
[WhiteClock "0:00:02"]
[BlackClock "0:00:01"]

1. d4 d5 2. c4 e6 3. Nc3 c5 4. e3 Nc6 5. Nf3 Nf6 6. a3 cxd4 7. exd4 Be7 8. cxd5 Nxd5 9. Bd3 O-O 10. O-O Bf6 11. Bc2 b6 12. Qd3 g6 13. Bh6 Re8 14. Ne4 Bg7 15. Bg5 f6 16. Bd2 Bb7 17. h4 Rc8 18. h5 f5 19. hxg6 fxe4 20. gxh7+ Kh8 21. Qxe4 Nf6 22. Qh4 Nxd4 23. Nxd4 Rxc2 24. Nxc2 Qxd2 25. Ne3 Qxb2 26. Rac1 Qe5 27. Rc7 Qxc7 28. Rd1 Rd8 29. Re1 Qc6 30. Qg5 Rd3 31. Qg6 Rd2 32. f3 Qe8 33. Qg5 Qh5 34. Qf4 e5 35. Qc4 Qg6 36. Qc3 Rd4 37. Nc4 Bxf3 38. Qxf3 Rxc4 39. Re3 Rc1+ 40. Kh2 Qh5+ 41. Qxh5 Nxh5 42. Rd3 Kxh7 43. Rd7 a5 44. Rb7 Rb1 45. g4 Nf4 46. Kg3 Rb3+ 47. Kh4 a4 48. Kg5 Rxa3 49. Kf5 Ng6 50. Rxb6 Rb3 51. Rxg6 a3 52. Ra6 Rf3+ 53. Kg5 e4 54. Kh5 e3 55. g5 Rh3+ 56. Kg4 e2 57. Re6 Rg3+ 58. Kxg3 a2 0-1


[Site "https://www.chess.com"]